 Dungeon Crawl Stone Soup version 0.20.1-1-g8b1a95d (webtiles) character file.

28 FishFinger the Ducker (level 3, 0/36 HPs)
             Began as a Troll Berserker on Aug 23, 2017.
             Was a Follower of Trog.
             Killed from afar by Robin (5 damage)
             ... with a wand of flame (?/48)
             ... on level 2 of the Dungeon.
             The game lasted 00:06:45 (992 turns).

FishFinger the Ducker (Troll Berserker)              Turns: 992, Time: 00:06:46

Health: 0/36       AC:  5    Str: 25 (26) XL:     3   Next: 0%
Magic:  2/2        EV: 16    Int:  0 (3)  God:    Trog [*.....]
Gold:   66         SH:  0    Dex: 13 (14) Spells: 2/2 levels left

rFire    + . .     SeeInvis .   a - +0 falchion
rCold    . . .     Gourm    +   (no shield)
rNeg     . . .     Faith    .   b - +0 animal skin
rPois    .         Spirit   .   (helmet restricted)
rElec    .         Reflect  .   (no cloak)
rCorr    .         Harm     .   (gloves unavailable)
MR       .....                  (boots unavailable)
Stlth    ++........             (no amulet)
Regen    0.6/turn               i - ring of protection from fire
MPRegen  0.1/turn               (no ring)

@: agile, berserk cooldown, flying, slowed, lost intelligence, very slow
A: unfitting armour, claws 3, fast metabolism 3, gourmand, regeneration 1,
shaggy fur 1, tough skin 2
a: Berserk, Burn Spellbooks, Renounce Religion


You were on level 2 of the Dungeon.
You worshipped Trog.
Trog was aware of your devotion.
You were not hungry.

You visited 1 branch of the dungeon, and saw 2 of its levels.

You collected 66 gold pieces.

Inventory:

Hand Weapons
 a - a +0 falchion (weapon)
Missiles
 m - 26 stones (quivered)
Armour
 b - a +0 animal skin (worn)
Jewellery
 i - a ring of protection from fire (left claw)
Scrolls
 g - a scroll of fear
 h - a scroll of immolation {unknown}
 p - a scroll of noise {unknown}
Potions
 l - a potion of might {unknown}
 n - a potion of agility
 q - a potion of heal wounds {unknown}
Comestibles
 c - 3 bread rations
 k - 2 royal jellies


   Skills:
 + Level 2.7 Fighting
 + Level 2.7 Long Blades
 + Level 2.8 Dodging


You had 2 spell levels left.
You didn't know any spells.

Dungeon Overview and Level Annotations

Branches:
Dungeon (2/15)

Altars:

Annotations:
D:2 Robin


Innate Abilities, Weirdness & Mutations

You are too large for most types of armour.
You have claws for hands.
Your metabolism is lightning-fast.
You like to eat raw meat.
Your natural rate of healing is unusually fast.
You are covered in fur. (AC +1)
You have very tough skin. (AC +2)


Message History

Robin zaps a wand.
The puff of flame hits you! You resist.
* * * LOW HITPOINT WARNING * * *
It is a wand of flame (?/48).
Robin zaps a wand.
The puff of flame hits you! You resist.
* * * LOW HITPOINT WARNING * * *
You feel agile all of a sudden.
Robin zaps a wand.
The puff of flame misses you.
Robin zaps a wand.
The puff of flame hits you! You resist.
* * * LOW HITPOINT WARNING * * *
There is a stone staircase leading up here.
You almost manage to decipher the scroll, but fail in this attempt.
Robin zaps a wand.
The puff of flame hits you! You resist.
* * * LOW HITPOINT WARNING * * *
Robin completely misses you.
Robin zaps a wand.
The puff of flame misses you.
It was a potion of flight.
You feel very buoyant.
You fly up into the air.
Robin zaps a wand.
The puff of flame hits you! You resist.
You die...

.###.... .# # .#
########## .#
#......... .#
########.######## .#
.........# . .#
#######..# .## .#
########..#######...#
.#
#...........@........
.#
#.######..###g..#...
.####.# #..<...#.#
......# ##.##### #
####### #.# ##.##
#.#####......
#..).).....#
############


You could see Robin.

Vanquished Creatures
  A dart slug (D:1)
  A leopard gecko (D:1)
  2 bats
  A giant cockroach (D:1)
  6 goblins
  2 hobgoblins (D:2)
  3 jackals (D:1)
  4 frilled lizards
  3 kobolds (D:1)
  A rat (D:1)
24 creatures vanquished.

Notes
Turn   | Place    | Note
-------+----------+-------------------------------------------
     0 | D:1      | FishFinger the Troll Berserker began the quest for the Orb.
     0 | D:1      | Reached XP level 1. HP: 22/22 MP: 0/0
   309 | D:1      | Reached XP level 2. HP: 27/29 MP: 1/1
   946 | D:2      | Noticed Robin
   962 | D:2      | Reached XP level 3. HP: 30/36 MP: 2/2
   972 | D:2      | Lost intelligence.
   987 | D:2      | HP: 1/36 [Robin/wand of flame (?/48) (3)]
   992 | D:2      | Killed from afar by Robin

Action                   || total
-------------------------++-------
Melee: Falchion          ||    74
Invok: Berserk           ||     1
  Use: Scroll            ||     4
       Potion            ||     4
  Eat: Chunk             ||     8
Armor: Animal skin       ||    23
Dodge: Dodged            ||    49
       Rpst.: Falchion   ||    15
